 Dungeon Crawl Stone Soup version 0.31-a0-1469-gd420192249 (webtiles) character file.

Game seed: 9561107473074331344

399 BigPumpCobain the Chopper (level 6, -24/56 HPs)
             Began as a Minotaur Fighter on Dec 29, 2023.
             Annihilated by an ogre
             ... wielding a +0 giant club
              (31 damage)
             ... on level 4 of the Dungeon.
             The game lasted 00:03:28 (2559 turns).

BigPumpCobain the Chopper (Minotaur Fighter)        Turns: 2559, Time: 00:03:29

Health: -24/56     AC:  8    Str: 23    XL:     6   Next: 53%
Magic:  5/5        EV:  9    Int:  5    God:
Gold:   136        SH:  4    Dex:  9    Spells: 5/5 levels left

rFire   . . .        a - +0 war axe
rCold   . . .        c - +0 buckler
rNeg    . . .        b - +0 scale mail
rPois   .            f - +1 hat {Stlth+}
rElec   .            (no cloak)
rCorr   .            (no gloves)
SInv    .            (no boots)
Will    .....        (no amulet)
Stlth   +            (no ring)
HPRegen 0.29/turn    (no ring)
MPRegen 0.09/turn

%: no passive effects
@: no status effects
A: horns 2, retaliatory headbutt
a: no special abilities


You were on level 4 of the Dungeon.
You visited 1 branch of the dungeon, and saw 4 of its levels.
You also visited: Sewer.

You collected 136 gold pieces.

Inventory:

Hand Weapons
 a - a +0 war axe (weapon)
Armour
 b - a +0 scale mail (worn)
 c - a +0 buckler (worn)
 f - a +1 hat of stealth (worn)
Scrolls
 e - a scroll of identify
 g - a scroll of fog
 h - 2 scrolls of teleportation
 k - 3 scrolls of blinking
 m - a scroll of amnesia
 o - a scroll of fear
 p - a scroll of revelation
Potions
 d - 2 potions of might
 i - 3 potions of invisibility {unknown}
 j - 2 potions of mutation {unknown}
 l - a potion of magic {unknown}
 n - a potion of berserk rage {unknown}
 q - 2 potions of curing {unknown}


   Skills:
 + Level 5.1 Fighting
 * Level 5.6 Axes
 + Level 5.2 Armour
 + Level 5.0 Shields


You had 5 spell levels left.
You didn't know any spells.
Your spell library contained the following spells:

 Spells                   Type           Power      Damage    Failure   Level
 Freeze                   Ice            0%         1d3       83%         1
 Frozen Ramparts          Ice            0%         1d1       99%         3
 Hailstorm                Conj/Ice       0%         3d5       99%         3
 Summon Ice Beast         Ice/Summ       0%         N/A       99%         3
 Sculpt Simulacrum        Ice/Alch       0%         N/A       100%        6


Dungeon Overview and Level Annotations

Branches:
Dungeon (4/15)              Sewer (visited)
 Temple: D:4-7

Altars:
Zin
The Shining One

Shops:
D:1 [


Innate Abilities, Weirdness & Mutations

You have a pair of horns on your head.
You reflexively headbutt those who attack you in melee.


Message History

The dart slug launches a dart at you. The slug dart hits you.
The ogre hits you with a +0 giant club!!
You barely miss the ogre. The dart slug launches a dart at you.
You block the slug dart.
You barely miss the ogre. You headbutt the ogre.
The ogre is lightly wounded.
The ogre barely misses you. You furiously retaliate!
You headbutt the ogre. You completely miss the ogre.
The ogre is moderately wounded.
The ogre barely misses you. You furiously retaliate!
You headbutt the ogre. The dart slug launches a dart at you.
The slug dart hits you.
You barely miss the ogre. You headbutt the ogre.
The ogre is moderately wounded.
The ogre hits you with a +0 giant club!!
* * * LOW HITPOINT WARNING * * *
You are too injured to fight recklessly!
You are too injured to fight recklessly!
You are too injured to fight recklessly!
You are too injured to fight recklessly!
You are too injured to fight recklessly!
You are too injured to fight recklessly!
You are too injured to fight recklessly!
You are too injured to fight recklessly!
You are too injured to fight recklessly!
You are too injured to fight recklessly!
You are too injured to fight recklessly!
You are too injured to fight recklessly!
You are too injured to fight recklessly!
You are too injured to fight recklessly!
You are too injured to fight recklessly!
You are too injured to fight recklessly!
You are too injured to fight recklessly!
You hit the ogre.
The ogre is heavily wounded.
The ogre hits you with a +0 giant club!!
Ouch! That really hurt!
You die...

........##.#
...........## ....
............##.#.#
.........<#.......
...........)....#.
...?.?..#.##......
#............$....
................#
..........@.?###.
...........O......
.............###.#
.....#..w......
................
....#....##...##
.....#.. ...#
....## ##..


You could see an ogre and a dart slug.

Vanquished Creatures
  2 bullfrogs (Sewer)
  A hound (D:2)
  An orc priest (D:3)
  An orc wizard (D:3)
  Terence (D:2)
  5 adders
  2 dart slugs
  3 orcs (D:3)
  7 bats
  14 endoplasms
  10 giant cockroaches
  3 goblins
  4 hobgoblins
  3 jackals (D:2)
  8 kobolds
  14 quokkas
  13 ball pythons
  11 frilled lizards
  4 rats
107 creatures vanquished.

Notes
Turn   | Place    | Note
-------+----------+-------------------------------------------
     0 | D:1      | BigPumpCobain the Minotaur Fighter began the quest for the
                  | Orb.
     0 | D:1      | Reached XP level 1. HP: 19/19 MP: 0/0
   100 | D:1      | Reached XP level 2. HP: 27/27 MP: 1/1
   117 | D:1      | Found Ydun's Antique Armour Shop.
   152 | D:1      | Found a faded altar of an unknown god.
   513 | D:2      | Noticed Terence
   528 | D:2      | Killed Terence
   529 | D:2      | Reached XP level 3. HP: 29/33 MP: 2/2
   817 | D:2      | Reached XP level 4. HP: 40/40 MP: 3/3
  1040 | D:2      | Found a glowing golden altar of the Shining One.
  1241 | D:3      | Found a glowing silver altar of Zin.
  1507 | D:3      | Found a glowing drain.
  1524 | D:3      | Reached XP level 5. HP: 43/47 MP: 4/4
  1531 | Sewer    | Entered a sewer
  1842 | Sewer    | Reached skill level 5 in Axes
  1850 | Sewer    | Reached XP level 6. HP: 15/55 MP: 5/5
  1852 | Sewer    | Reached skill level 5 in Fighting
  1852 | Sewer    | Reached skill level 5 in Armour
  2309 | D:3      | Reached skill level 5 in Shields
  2559 | D:4      | Annihilated by an ogre

Illustrated notes

Levels and vault maps discovered:
D:1:      amcnicky_arrival_feature_with_door, layout_rooms,
          shapermc_ecumenical_altar_ellora, serial_shops,
          nicolae_shop_gibbet_a_chance
D:2:      wander_river, layout_rooms, basic_altar, uniq_terence
D:3:      minmay_evil_eye, layout_loops_ring, lemuel_round_altar,
          gup_sewer_entry_glass
D:4:      layout_rooms, wad_floor_pattern_1, uniq_natasha, uniq_menkaure

Skill      XL: |  1  2  3  4  5  6 |
---------------+-------------------+-----
Axes           | 3 4 5 |  5.6
Fighting       | 4 5 |  5.1
Armour         | 4 5 |  5.2
Shields        | 4 5 |  5.0

Action                     |  1- 3 |  4- 6 || total
---------------------------+-------+-------++-------
  Melee: War axe           |    69 |   182 ||   251
         Headbutt          |     7 |    22 ||    29
    Use: Scroll            |       |     5 ||     5
 Armour: Scale mail        |    43 |   138 ||   181
  Dodge: Dodged            |    36 |    91 ||   127
  Block: Buckler           |    21 |    29 ||    50

Table legend: (Time is in decaauts)
 A = Elapsed time spent in this place.
 B = Non-inter-level travel time spent in this place.
 C = Inter-level travel time spent in this place.
 D = Time resting spent in this place.
 E = Time spent auto-exploring this place.
 F = Levels seen in this place.
 G = Mean time per level.
                   A        B        C        D        E       F      G
               +--------+--------+--------+--------+--------+-----+--------+
         Total |   2720 |   2534 |    186 |    146 |   1753 |   5 |  544.0 |
       Dungeon |   2128 |   1942 |    186 |      0 |   1547 |   4 |  532.0 |
         Sewer |    592 |    592 |      0 |    146 |    206 |   1 |  592.0 |
               +--------+--------+--------+--------+--------+-----+--------+

Top non-repeatable levels by time:
     D:3: 912 daAuts
     D:1: 635 daAuts
   Sewer: 592 daAuts
     D:2: 570 daAuts
     D:4: 10 daAuts
